 Dungeon Crawl Stone Soup version 0.30-a0-1112-gfb780f5df6 (webtiles) character file.

Game seed: 10878175139438371317

216 demibob the Cutter (level 5, 0/41 HPs)
             Began as a Demonspawn Wanderer on Apr 19, 2023.
             Was an Initiate of Gozag.
             Slain by Menkaure (23 damage)
             ... on level 4 of the Dungeon.
             The game lasted 00:03:15 (2778 turns).

demibob the Cutter (Demonspawn Wanderer)            Turns: 2778, Time: 00:03:15

Health: 0/41       AC:  3    Str: 11    XL:     5   Next: 61%
Magic:  6/6        EV: 11    Int: 14    God:    Gozag
Gold:   73         SH:  0    Dex: 15    Spells: 6/6 levels left

rFire   . . .      SeeInvis .    a - +1 rapier (venom)
rCold   + . .      Faith    .    (no shield)
rNeg    . . .      Spirit   .    d - +0 leather armour {rC+}
rPois   .          Reflect  .    (no helmet)
rElec   .          Rampage  .    (no cloak)
rCorr   .                        (no gloves)
Will    .....                    (no boots)
Stlth   +                        (no amulet)
HPRegen 0.26/turn                (no ring)
MPRegen 0.10/turn                (no ring)

@: no status effects
A: hooves 2
a: Renounce Religion, Potion Petition, Call Merchant, Bribe Branch


You were on level 4 of the Dungeon.
You worshipped Gozag.
Gozag was noncommittal.
You visited 1 branch of the dungeon, and saw 4 of its levels.

You collected 280 gold pieces.
You spent 161 gold pieces at shops.
You paid 46 gold pieces to Gozag.


Innate Abilities, Weirdness & Mutations

You have hoof-like feet.


   Skills:
 - Level 3.0 Fighting
 + Level 5.2 Short Blades
 - Level 1.0 Dodging
 - Level 1.0 Stealth
 - Level 1.0 Spellcasting
 - Level 2.6 Transmutations


You had 6 spell levels left.
You didn't know any spells.
Your spell library contained the following spells:

 Spells                   Type           Power      Damage    Failure   Level
 Beastly Appendage        Tmut           16%        N/A       12%         1
 Sting                    Tmut/Pois      16%        1d3       21%         1
 Sublimation of Blood     Necr           0%         N/A       45%         2
 Ignite Poison            Fire/Tmut/Pois 3%         N/A       58%         3
 Gell's Gravitas          Tloc           0%         N/A       71%         3
 Teleport Other           Tloc           0%         N/A       71%         3
 Tukima's Dance           Hex            0%         N/A       71%         3
 Vhi's Electric Charge    Tloc/Air       0%         N/A       71%         3
 Petrify                  Tmut/Erth      4%         N/A       89%         4
 Passage of Golubria      Tloc           0%         N/A       98%         4
 Irradiate                Conj/Tmut      2%         3d12      99%         5
 Yara's Violent Unravell  Hex/Tmut       2%         3d3       99%         5
 Arcjolt                  Conj/Air       0%         1d10      100%        5
 Dispersal                Tloc           0%         N/A       100%        6
 Plasma Beam              Fire/Air       0%         2x1d11    100%        6

Inventory:

Hand Weapons
 a - a +1 rapier of venom (weapon)
 f - a +1 short sword
Armour
 d - a +0 leather armour of cold resistance (worn)
Magical Staves
 m - a staff of earth {!a}
Jewellery
 j - an amulet of the acrobat
Wands
 n - a wand of flame (18)
Scrolls
 b - 2 scrolls of fear
Potions
 c - 4 potions of flight
 e - a potion of degeneration {unknown}
 g - a potion of magic
 h - a potion of berserk rage {unknown}
 i - 2 potions of cancellation
 k - a potion of brilliance {unknown}
 l - a potion of resistance {unknown}

Dungeon Overview and Level Annotations

Branches:
Dungeon (4/15)
 Temple: D:4-7

Altars:
Gozag

Shops:
D:2 (

Annotations:
D:4 Menkaure

.. ..## ..# ..# #.#
#.# #.# #.#######
#.<.@M$$#
.......#####.$.....
###.#.## .....##
#... .....# ###.
...#.# #. ...# ..
#. ...# # #...


You could see Menkaure.


Message History

You puncture the orc!
You kill the orc!
No target in view!
No target in view!
You start resting.
HP restored.
You now have 73 gold pieces (gained 6).
Things that are here:
a +0 war axe; a +0 sling
There is a stone staircase leading down here.
You climb downwards.
Level annotation: Menkaure
There is a stone staircase leading up, spattered with blood here.
Things that are here:
a +0 club; a +0 shortbow You hit Menkaure but do no damage.
You kick Menkaure.
Menkaure is lightly damaged.
Menkaure closely misses you.
You hit Menkaure but do no damage.
Menkaure is lightly damaged.
Menkaure calls on the powers of darkness!
Your body is wracked with pain!
You hit Menkaure but do no damage. You kick Menkaure, but do no damage.
Menkaure is lightly damaged.
You hit Menkaure. You kick Menkaure.
Menkaure is heavily damaged.
Menkaure hits you!!
Ouch! That really hurt!
You die...
Your body crumbles into a pile of gold.

Skill      XL: |  1  2  3  4  5 |
---------------+----------------+-----
Short Blades   | 2 3 4 5 |  5.2
Fighting       | |  3.0
Dodging        | |  1.0
Stealth        | |  1.0
Spellcasting   | |  1.0
Transmutations | |  2.6

Action                     |  1- 3 |  4- 6 || total
---------------------------+-------+-------++-------
  Melee: Short sword       |   142 |   109 ||   251
         Punch             |     2 |     1 ||     3
         Kick              |    31 |    40 ||    71
         Rapier            |       |     5 ||     5
    Use: Scroll            |     1 |     4 ||     5
         Potion            |       |     1 ||     1
   Stab: Sleeping          |     4 |       ||     4
         Distracted        |     1 |       ||     1
 Armour: Leather armour    |    22 |    34 ||    56
         Robe              |     1 |       ||     1
  Dodge: Dodged            |    70 |    75 ||   145

Levels and vault maps discovered:
D:1:      mrwooster_arrival_arrow, layout_loops_ring
D:2:      layout_basic, serial_shops, shop, grunt_decor_arrowhead,
          hex_intersection
D:3:      layout_rooms, lemuel_round_altar, minmay_cupped
D:4:      layout_loops_corners, nicolae_elemental_shop, uniq_robin,
          uniq_menkaure, uniq_ijyb

Notes
Turn   | Place    | Note
-------+----------+-------------------------------------------
     0 | D:1      | demibob the Demonspawn Wanderer began the quest for the
                  | Orb.
     0 | D:1      | demibob set off with the following items: a +1 short sword,
                  | a scroll of fear, a +0 robe; and the following spells
                  | available to memorise: Beastly Appendage, Sting, Ignite
                  | Poison.
     0 | D:1      | Reached XP level 1. HP: 18/18 MP: 2/2
    89 | D:1      | Gained mutation: You have large cloven feet. [demonic
                  | ancestry]
    89 | D:1      | Reached XP level 2. HP: 24/24 MP: 3/3
    99 | D:1      | Reached skill level 2 in Short Blades
   316 | D:1      | Reached XP level 3. HP: 29/29 MP: 4/4
   394 | D:1      | Reached skill level 3 in Short Blades
  1540 | D:2      | Found Esec Dea's Antique Weapon Shop.
  1545 | D:2      | Reached XP level 4. HP: 35/35 MP: 5/5
  1742 | D:3      | Found an opulent altar of Gozag.
  1864 | D:3      | Became a worshipper of Gozag Ym Sagoz the Greedy
  2052 | D:3      | Reached skill level 4 in Short Blades
  2420 | D:4      | Noticed a centaur
  2445 | D:4      | Killed a centaur
  2446 | D:4      | Gained mutation: You have hoof-like feet. [demonic
                  | ancestry]
  2446 | D:4      | Reached XP level 5. HP: 13/41 MP: 6/6
  2449 | D:4      | Reached skill level 5 in Short Blades
  2611 | D:4      | Noticed Menkaure
  2658 | D:2      | Bought a runed rapier for 161 gold pieces
  2778 | D:4      | Slain by Menkaure

Vanquished Creatures
  A centaur (D:4)
  2 adders
  A worm (D:2)
  4 dart slugs
  5 orcs
  5 bats
  5 endoplasms
  4 giant cockroaches
  4 goblins
  9 hobgoblins
  14 jackals
  2 quokkas
  7 ball pythons
  3 frilled lizards (D:1)
  4 kobolds (D:1)
  6 rats
76 creatures vanquished.

Vanquished Creatures (others)
  An orc wizard (D:4)
1 creature vanquished.

Grand Total: 77 creatures vanquished

Table legend: (Time is in decaauts)
 A = Elapsed time spent in this place.
 B = Non-inter-level travel time spent in this place.
 C = Inter-level travel time spent in this place.
 D = Time resting spent in this place.
 E = Time spent auto-exploring this place.
 F = Levels seen in this place.
 G = Mean time per level.
                   A        B        C        D        E       F      G
               +--------+--------+--------+--------+--------+-----+--------+
         Total |   2738 |   2569 |    169 |    197 |   1885 |   4 |  684.5 |
       Dungeon |   2738 |   2569 |    169 |    197 |   1885 |   4 |  684.5 |
               +--------+--------+--------+--------+--------+-----+--------+

Top non-repeatable levels by time:
     D:2: 939 daAuts
     D:3: 857 daAuts
     D:1: 853 daAuts
     D:4: 87 daAuts

Table legend:
 A = Non-vault XP
 B = Vault XP
 C = Vault XP percentage of total XP
 D = Non-vault monster count
 E = Vault monster count
 F = Vault count percentage of total count
                 A         B        C        D         E       F
            +---------+---------+-------+---------+---------+-------
      Total |     300 |       9 |   2.9 |      73 |       4 |   5.2
            +---------+---------+-------+---------+---------+-------
        D:1 |      78 |       0 |   0.0 |      41 |       0 |   0.0
        D:2 |      24 |       0 |   0.0 |      11 |       0 |   0.0
        D:3 |      45 |       9 |  16.7 |      16 |       4 |  20.0
        D:4 |     153 |       0 |   0.0 |       5 |       0 |   0.0
            +---------+---------+-------+---------+---------+-------
